 Dungeon Sprint DCSS version 0.27-a0-13-g87abb2d9eb (webtiles) character file.

Game seed: 9200043264392783709

1235 TheScarfBastard the Cleaver (level 8, -2/83 HPs)
             Began as a Minotaur Monk on Jan 2, 2021.
             Was a Believer of Yredelemnul.
             Slain by a demonic crawler (6 damage)
             ... in the Dungeon (Sprint I: "Red Sonja").
             The game lasted 00:04:13 (721 turns).

TheScarfBastard the Cleaver (Minotaur Monk)          Turns: 721, Time: 00:04:14

Health: -2/83      AC:  6    Str: 16    XL:     8   Next: 24%
Magic:  7/7        EV: 18    Int:  7    God:    Yredelemnul [**....]
Gold:   178        SH:  0    Dex: 15    Spells: 7/7 levels left

rFire    . . .     SeeInvis .   a - +0 hand axe
rCold    . . .     Faith    .   (no shield)
rNeg     . . .     Spirit   .   j - +0 ring mail
rPois    .         Reflect  .   k - +1 hat {Will+}
rElec    .         Harm     .   (no cloak)
rCorr    .         Rampage  .   (no gloves)
Will     +....     NoTele   +   (no boots)
Stlth    ++........             (no amulet)
HPRegen  0.23/turn              (no ring)
MPRegen  0.10/turn              (no ring)

@: no status effects
A: retaliatory headbutt, horns 2
a: Renounce Religion, Animate Remains, Recall Undead Slaves, Injury Mirror


You were in the Dungeon.
You worshipped Yredelemnul.
Yredelemnul was pleased with you.
You visited 1 branch You collected 418 gold pieces.
You spent 240 gold pieces at shops.

Inventory:

Hand Weapons
 a - a +0 hand axe (weapon)
Armour
 b - a +0 robe
 j - a +0 ring mail (worn)
 k - a +1 hat of willpower (worn)
Potions
 c - a potion of curing
 d - a potion of heal wounds
 e - a potion of haste
 f - 2 potions of magic
 i - a potion of resistance {unknown}


   Skills:
 + Level 12.0 Fighting
 + Level 12.5 Axes
 + Level 3.6 Armour
 + Level 11.3 Dodging
 + Level 4.3 Stealth


You had 7 spell levels left.
You didn't know any spells.
Your spell library was empty.

Dungeon Overview and Level Annotations

Branches:
Dungeon (1/1)

Altars:
Cheibriados
Dithmenos
Elyvilon
Fedhas
Gozag
Hepliaklqana
Kikubaaqudgha
Makhleb
Nemelex Xobeh
Okawaru
Qazlal
Ru
Sif Muna
Trog
Uskayaw
Vehumet
Wu Jian
Xom
Yredelemnul
Zin
The Shining One
Jiyva
Lugonu

Shops:
D [


Innate Abilities, Weirdness & Mutations

You reflexively headbutt those who attack you in melee.
You have a pair of horns on your head.


Message History

The demonic crawler barely misses you. The demonic crawler hits you!
* * * LOW HITPOINT WARNING * * *
You hit the demonic crawler but do no damage.
The demonic crawler is moderately wounded.
You barely miss the demonic crawler.
The demonic crawler closely misses you. x2
The demonic crawler hits you.
* * * LOW HITPOINT WARNING * * *
The demonic crawler hits you but does no damage.
The demonic crawler hits you.
* * * LOW HITPOINT WARNING * * *
The demonic crawler completely misses you.
You slash the demonic crawler!
The demonic crawler is moderately wounded.
You slash the demonic crawler! The demonic crawler barely misses you.
The demonic crawler closely misses you.
The demonic crawler hits you but does no damage. x2
The demonic crawler completely misses you.
The demonic crawler hits you.
You die...
Your body rises from the dead as a mindless zombie.

#####################
.').#..'..#__#..@ss.#
.#..').#..'^.'..#s..##+#
###'#####'#__####s..'..#
##..#...#.#### #####..+
_####..##(# ##
____##'#_.+ .∩...'..._#
..__##_.#+# ____###+#


You could see 4 demonic crawlers.

Vanquished Creatures
  2 kobold demonologists (D)
  A slime creature (D)
  Sigmund (D)
  A yak (D)
  A floating eye (D)
  An ogre (D)
  A jelly (D)
  Ijyb (D)
9 creatures vanquished.

Vanquished Creatures (others)
  A gargoyle (D)
1 creature vanquished.

Grand Total: 10 creatures vanquished

Notes
Turn   | Place    | Note
-------+----------+-------------------------------------------
     0 | D        | TheScarfBastard the Minotaur Monk began the quest for the
                  | Orb.
     0 | D        | Reached XP level 1. HP: 19/19 MP: 0/0
     2 | D        | Noticed Ijyb
    17 | D        | Killed Ijyb
    18 | D        | Reached skill level 5 in Fighting
    18 | D        | Reached skill level 5 in Axes
    18 | D        | Reached XP level 2. HP: 21/29 MP: 1/1
   102 | D        | Noticed an ogre
   109 | D        | Killed an ogre
   110 | D        | Reached XP level 3. HP: 39/39 MP: 2/2
   110 | D        | Reached XP level 4. HP: 47/47 MP: 3/3
   113 | D        | Noticed Sigmund
   118 | D        | Killed Sigmund
   119 | D        | Reached XP level 5. HP: 53/57 MP: 4/4
   119 | D        | Reached XP level 6. HP: 59/63 MP: 5/5
   145 | D        | Found an ornate altar of the Wu Jian Council.
   145 | D        | Found a shimmering blue altar of Sif Muna.
   147 | D        | Found a radiant altar of Vehumet.
   149 | D        | Killed a gargoyle
   180 | D        | Found Guh Cetue's Armour Emporium.
   180 | D        | Found an ancient bone altar of Kikubaaqudgha.
   180 | D        | Found a hazy altar of Hepliaklqana.
   180 | D        | Found a stormy altar of Qazlal.
   180 | D        | Found a hide-covered altar of Uskayaw.
   180 | D        | Found a blossoming altar of Fedhas.
   180 | D        | Found a bloodstained altar of Trog.
   180 | D        | Found an iron altar of Okawaru.
   180 | D        | Found a basalt altar of Yredelemnul.
   180 | D        | Found a glowing golden altar of the Shining One.
   180 | D        | Found a snail-covered altar of Cheibriados.
   180 | D        | Found a sacrificial altar of Ru.
   180 | D        | Found a glowing silver altar of Zin.
   180 | D        | Found a shadowy altar of Dithmenos.
   180 | D        | Found a white marble altar of Elyvilon.
   180 | D        | Noticed a yak
   181 | D        | Found an opulent altar of Gozag.
   185 | D        | Killed a yak
   186 | D        | Reached skill level 10 in Fighting
   186 | D        | Reached skill level 10 in Axes
   186 | D        | Found a sparkling altar of Nemelex Xobeh.
   197 | D        | Became a worshipper of Yredelemnul the Dark
   197 | D        | Reached * piety under Yredelemnul
   197 | D        | Reached ** piety under Yredelemnul
   209 | D        | Bought a +0 ring mail for 48 gold pieces
   209 | D        | Bought a +1 hat of willpower for 192 gold pieces
   240 | D        | Found a burning altar of Makhleb.
   240 | D        | Found a viscous altar of Jiyva.
   240 | D        | Found a shimmering altar of Xom.
   240 | D        | Found a corrupted altar of Lugonu.
   240 | D        | Noticed a slime creature
   254 | D        | Killed a slime creature
   255 | D        | Reached skill level 10 in Dodging
   255 | D        | Reached XP level 7. HP: 35/73 MP: 6/6
   441 | D        | Noticed a kobold demonologist
   442 | D        | Noticed a kobold demonologist
   445 | D        | Noticed a soul eater
   447 | D        | Paralysed by a floating eye for 3 turns
   450 | D        | Noticed a rust devil
   452 | D        | Reached skill level 1 in Armour
   454 | D        | Noticed an orange demon
   459 | D        | Killed a kobold demonologist
   463 | D        | Killed a kobold demonologist
   463 | D        | Reached *** piety under Yredelemnul
   464 | D        | Reached XP level 8. HP: 37/83 MP: 7/7
   704 | D        | Noticed a demonic crawler
   704 | D        | Noticed a demonic crawler
   704 | D        | Noticed a demonic crawler
   704 | D        | Noticed a demonic crawler
   720 | D        | HP: 4/83 [demonic crawler (5)]
   721 | D        | Slain by a demonic crawler

Illustrated notes

Levels and vault maps discovered:
D:        dungeon_sprint_1 [red_sonja_temple_1, red_sonja_temple_small_1]

Skill      XL: |  1  2  3  4  5  6  7 |
---------------+----------------------+-----
Fighting       | 5 7 9 10 12 | 12.0
Axes           | 5 7 9 10 12 | 12.5
Dodging        | 4 6 8 10 11 | 11.3
Stealth        | 2 3 4 |  4.3
Armour         | 3 |  3.6

Action                   |  1- 3 |  4- 6 |  7- 9 || total
-------------------------+-------+-------+-------++-------
Melee: Hand axe          |    20 |    23 |    30 ||    73
       Headbutt          |     6 |     6 |     9 ||    21
  Use: Potion            |       |       |     1 ||     1
       Scroll            |       |       |     1 ||     1
 Stab: Sleeping          |       |     1 |       ||     1
Armor: Robe              |     3 |       |       ||     3
       Ring mail         |       |     1 |    12 ||    13
Dodge: Dodged            |    11 |    12 |    67 ||    90

Table legend: (Time is in decaauts)
 A = Elapsed time spent in this place.
 B = Non-inter-level travel time spent in this place.
 C = Inter-level travel time spent in this place.
 D = Time resting spent in this place.
 E = Time spent auto-exploring this place.
 F = Levels seen in this place.
 G = Mean time per level.
                   A        B        C        D        E       F      G
               +--------+--------+--------+--------+--------+-----+--------+
         Total |    724 |    724 |      0 |    500 |      0 |   1 |  724.0 |
       Dungeon |    724 |    724 |      0 |    500 |      0 |   1 |  724.0 |
               +--------+--------+--------+--------+--------+-----+--------+

Top non-repeatable levels by time:
       D: 724 daAuts
